 Dungeon Crawl Stone Soup version 0.21.2 (webtiles) character file.

407 tidbits the Fighter (level 6, 15/100 HPs)
             Began as a Gnoll Wanderer on Jan 16, 2019.
             Quit the game on level 4 of the Dungeon.
             The game lasted 00:10:27 (874 turns).

tidbits the Fighter (Gnoll Wanderer)                 Turns: 874, Time: 00:10:27

Health: 15/100     AC: 23    Str: 13    XL:     6   Next: 88%
Magic:  9/9        EV:  2    Int: 18    God:
Gold:   130        SH:  0    Dex: 19    Spells: 9/9 levels left

rFire    . . .     SeeInvis .   c - -3 flail (curse)
rCold    . . .     Gourm    .   (no shield)
rNeg     + + +     Faith    .   (armour currently unavailable)
rPois    +         Spirit   .   (helmet currently unavailable)
rElec    .         Reflect  .   (cloak currently unavailable)
rCorr    .         Harm     .   (gloves currently unavailable)
MR       .....     NoTele   +   (boots currently unavailable)
Stlth    +++.......             (no amulet)
HPRegen  0.26/turn              (no ring)
MPRegen  0.11/turn              (no ring)

@: agile, mildly poisoned (15 -> 14), tree-form
A: distributed training, strong nose
a: no special abilities


You were on level 4 of the Dungeon.
You were not hungry.
You were a tree.
You visited 1 branch of the dungeon, and saw 4 of its levels.

You collected 130 gold pieces.

Inventory:

Hand Weapons
 a - a +0 falchion
 c - a cursed -3 flail (weapon)
 d - a +0 shortbow
 l - a +0 dagger
Missiles
 o - 44 stones (quivered)
 p - 59 arrows
Armour
 r - a +0 robe
 B - a +0 ring mail (melded)
Scrolls
 b - a scroll of blinking
 e - 2 scrolls of amnesia {unknown}
 h - a scroll of enchant weapon {unknown}
 i - a scroll of fear {unknown}
 m - 2 scrolls of remove curse {unknown}
 n - a scroll of immolation {!r}
 q - 2 scrolls of magic mapping {unknown}
 s - 2 scrolls of enchant armour
 t - 2 scrolls of teleportation
 v - a scroll of fog
Potions
 k - a potion of heal wounds
Comestibles
 f - 3 rations
 w - a chunk of flesh


   Skills:
 + Level 13.7 Fighting
 + Level 2.1 Short Blades
 + Level 2.1 Long Blades
 + Level 2.1 Axes
 + Level 2.1 Maces & Flails
 + Level 2.1 Polearms
 + Level 2.1 Staves
 + Level 2.1 Slings
 + Level 2.1 Bows
 + Level 2.1 Crossbows
 + Level 2.1 Throwing
 + Level 2.1 Armour
 + Level 2.1 Dodging
 + Level 2.1 Stealth
 + Level 3.3 Shields
 + Level 3.3 Unarmed Combat
 + Level 2.1 Spellcasting
 + Level 1.6 Conjurations
 + Level 1.6 Hexes
 + Level 1.6 Charms
 + Level 1.6 Summonings
 + Level 1.6 Necromancy
 + Level 1.6 Translocations
 + Level 1.6 Transmutations
 + Level 1.6 Fire Magic
 + Level 1.6 Ice Magic
 + Level 1.6 Air Magic
 + Level 1.6 Earth Magic
 + Level 1.6 Poison Magic
 + Level 2.3 Invocations
 + Level 3.3 Evocations


You had 9 spell levels left.
You didn't know any spells.

Dungeon Overview and Level Annotations

Branches:
Dungeon (4/15)
 Temple: D:4-7

Altars:
Ashenzari

Annotations:
D:4 Blork the orc


Innate Abilities, Weirdness & Mutations

Your experience applies equally to all skills.
((You have very sharp teeth.))
Your uncanny sense of smell can sniff out nearby items.


Message History

a giant club; an ogre corpse You see here 9 gold pieces.
You now have 116 gold pieces (gained 9).
You recover from your berserk rage.
You see here a hand axe.
Found 14 gold pieces.
Found a stone staircase leading down.
Unknown command.
Found 9 stones.
You see here 14 gold pieces.
Unknown command.
You now have 130 gold pieces (gained 14).
Found a scroll labeled FUNULL IDIREG.
Found a scroll labeled FUNULL IDIREG.
You see here a scroll labeled FUNULL IDIREG.
q - 2 scrolls labeled FUNULL IDIREG (gained 1) Unknown command.
The worker ant twitches its antennae in your direction.
The worker ant waves its antennae.
Unknown command.
You aren't carrying any items that you can evoke.
Unknown command.
Wield which item (- for none, * to show all)? (? for menu, Esc to quit)
d - a +0 shortbow (weapon)
Firing (i - inventory. (,) - cycle):
p - 62 arrows (quivered)
Press: ? - help, Shift-Dir - straight line, f - worker ant
Aim: a worker ant You shoot an arrow.
The arrow barely misses the worker ant.
Firing (i - inventory. (,) - cycle):
p - 61 arrows (quivered)
Press: ? - help, Shift-Dir - straight line, f/p - worker ant
Aim: a worker ant You shoot an arrow.
The arrow barely misses the worker ant.
Firing (i - inventory. (,) - cycle):
p - 60 arrows (quivered)
Press: ? - help, Shift-Dir - straight line, f/p - worker ant
Aim: a worker ant You shoot an arrow.
The arrow hits the worker ant.
The worker ant is moderately wounded.
Wield which item (- for none, * to show all)? (? for menu, Esc to quit)
It sticks to your hand!
c - a cursed -3 flail (weapon)
You closely miss the worker ant.
The worker ant is moderately wounded.
The worker ant completely misses you. The worker ant barely misses you.
You closely miss the worker ant.
You bite the worker ant, but do no damage.
The worker ant is moderately wounded.
The worker ant barely misses you. x2
You closely miss the worker ant.
The worker ant is moderately wounded.
The worker ant closely misses you.
Unknown command.
You hit the worker ant.
The worker ant is heavily wounded.
The worker ant misses you. The worker ant closely misses you.
You barely miss the worker ant. Your punch misses the worker ant.
The worker ant is heavily wounded.
You feel a little less agile now.
The phantom blinks!
The worker ant barely misses you.
Your ring mail prevents you from hitting the worker ant.
The worker ant is heavily wounded.
The worker ant bites you.
* * * LOW HITPOINT WARNING * * *
You are poisoned.
The worker ant poisons you! The worker ant bites you.
* * * LOW HITPOINT WARNING * * *
You feel better. The worker ant bites you.
* * * LOW HITPOINT WARNING * * *
You are poisoned.
The worker ant poisons you!
You feel agile all of a sudden.
You feel sick. The worker ant bites you.
* * * LOW HITPOINT WARNING * * *
Your ring mail prevents you from hitting the worker ant.
The worker ant is heavily wounded.
The phantom misses you.
The worker ant bites you but does no damage.
The phantom misses you.
The worker ant bites you but does no damage.
You closely miss the worker ant.
You bite the worker ant, but do no damage.
The worker ant is heavily wounded.
You feel sick. The worker ant barely misses you. The phantom hits you.
* * * LOW HITPOINT WARNING * * *
You barely miss the worker ant.
The worker ant is heavily wounded.
The worker ant misses you. The phantom hits you.
* * * LOW HITPOINT WARNING * * *
The worker ant bites you but does no damage.
You hit the worker ant. Your bite misses the worker ant.
The worker ant is almost dead.
You feel sick. The phantom completely misses you.
The worker ant bites you but does no damage.
The phantom hits you!
* * * LOW HITPOINT WARNING * * *
The phantom blinks!
You hit the worker ant.
You kill the worker ant!
It was a potion of lignification.
You turn into a tree.
Your +0 ring mail melds into your body.
Your roots penetrate the ground.
Are you sure you want to abandon this character and quit the game? (Confirm with "yes".)

.... ..W .... ... ...
... #.#... #####.#.#
##....... .
###..##..######...
#...........#.....
#.........♣†.(....
#.............(.(.
##.......W........
#....................
#............?..#[...
#....(..........#$...
#................ ...
#................ #..
. #........>.....
#..####.


You could see a phantom.

Vanquished Creatures
  An ogre (D:4)
  A centaur (D:4)
  A scorpion (D:4)
  A hound (D:4)
  An iguana (D:4)
  An orc wizard (D:3)
  A worker ant (D:4)
  3 adders
  3 gnolls (D:4)
  An ooze (D:1)
  A leopard gecko (D:1)
  4 orcs
  6 bats
  A giant cockroach (D:1)
  4 goblins (D:1)
  3 hobgoblins
  2 jackals (D:4)
  A quokka (D:2)
  2 ball pythons (D:1)
  3 frilled lizards (D:1)
  5 kobolds
  6 rats
52 creatures vanquished.

Notes
Turn   | Place    | Note
-------+----------+-------------------------------------------
     0 | D:1      | Reached skill level 13 in Fighting
     0 | D:1      | tidbits the Gnoll Wanderer began the quest for the Orb.
     0 | D:1      | tidbits set off with: a potion of berserk rage, a scroll of blinking, a +0 falchion, a wand of random effects (15), a +0 robe, a ration
     0 | D:1      | Reached XP level 1. HP: 33/33 MP: 2/2
    39 | D:1      | Reached XP level 2. HP: 21/40 MP: 3/3
   237 | D:1      | Reached XP level 3. HP: 39/46 MP: 4/4
   514 | D:3      | Found a faded altar of an unknown god.
   552 | D:2      | Found a shattered altar of Ashenzari.
   578 | D:3      | Reached skill level 1 in Invocations
   677 | D:3      | Reached skill level 1 in Short Blades
   677 | D:3      | Reached skill level 1 in Long Blades
   677 | D:3      | Reached skill level 1 in Axes
   677 | D:3      | Reached skill level 1 in Maces & Flails
   677 | D:3      | Reached skill level 1 in Polearms
   677 | D:3      | Reached skill level 1 in Staves
   677 | D:3      | Reached skill level 1 in Slings
   677 | D:3      | Reached skill level 1 in Bows
   677 | D:3      | Reached skill level 1 in Crossbows
   677 | D:3      | Reached skill level 1 in Throwing
   677 | D:3      | Reached skill level 1 in Armour
   677 | D:3      | Reached skill level 1 in Dodging
   677 | D:3      | Reached skill level 1 in Stealth
   677 | D:3      | Reached skill level 1 in Spellcasting
   677 | D:3      | Reached XP level 4. HP: 53/53 MP: 4/6
   745 | D:4      | Noticed Blork the orc
   746 | D:4      | Noticed a phantom
   761 | D:4      | Reached skill level 1 in Conjurations
   761 | D:4      | Reached skill level 1 in Hexes
   761 | D:4      | Reached skill level 1 in Charms
   761 | D:4      | Reached skill level 1 in Summonings
   761 | D:4      | Reached skill level 1 in Necromancy
   761 | D:4      | Reached skill level 1 in Translocations
   761 | D:4      | Reached skill level 1 in Transmutations
   761 | D:4      | Reached skill level 1 in Fire Magic
   761 | D:4      | Reached skill level 1 in Ice Magic
   761 | D:4      | Reached skill level 1 in Air Magic
   761 | D:4      | Reached skill level 1 in Earth Magic
   761 | D:4      | Reached skill level 1 in Poison Magic
   767 | D:4      | HP: 6/79 [something (12)]
   770 | D:4      | Reached XP level 5. HP: 7/60 MP: 7/7
   775 | D:4      | HP: 8/90 [hound (1)]
   778 | D:4      | Reached skill level 3 in Shields
   778 | D:4      | Reached skill level 3 in Unarmed Combat
   778 | D:4      | Reached skill level 3 in Evocations
   792 | D:4      | Noticed an ogre
   800 | D:4      | HP: 10/60 [scorpion (2)]
   801 | D:4      | Reached XP level 6. HP: 11/67 MP: 8/8
   802 | D:4      | Reached skill level 2 in Invocations
   806 | D:4      | HP: 8/67 [jackal (3)]
   816 | D:4      | HP: 8/67 [centaur (8)]
   821 | D:4      | Reached skill level 2 in Short Blades
   821 | D:4      | Reached skill level 2 in Long Blades
   821 | D:4      | Reached skill level 2 in Axes
   821 | D:4      | Reached skill level 2 in Maces & Flails
   821 | D:4      | Reached skill level 2 in Polearms
   821 | D:4      | Reached skill level 2 in Staves
   821 | D:4      | Reached skill level 2 in Slings
   821 | D:4      | Reached skill level 2 in Bows
   821 | D:4      | Reached skill level 2 in Crossbows
   821 | D:4      | Reached skill level 2 in Throwing
   821 | D:4      | Reached skill level 2 in Armour
   821 | D:4      | Reached skill level 2 in Dodging
   821 | D:4      | Reached skill level 2 in Stealth
   821 | D:4      | Reached skill level 2 in Spellcasting
   871 | D:4      | HP: 10/67 [phantom (8)]
   874 | D:4      | Quit the game

Skill      XL: |  1  2  3  4  5  6 |
---------------+-------------------+-----
Fighting       | | 13.7
Invocations    | 1 2 |  2.3
Short Blades   | 1 2 |  2.1
Long Blades    | 1 2 |  2.1
Axes           | 1 2 |  2.1
Maces & Flails | 1 2 |  2.1
Polearms       | 1 2 |  2.1
Staves         | 1 2 |  2.1
Slings         | 1 2 |  2.1
Bows           | 1 2 |  2.1
Crossbows      | 1 2 |  2.1
Throwing       | 1 2 |  2.1
Armour         | 1 2 |  2.1
Dodging        | 1 2 |  2.1
Stealth        | 1 2 |  2.1
Spellcasting   | 1 2 |  2.1
Conjurations   | 1 |  1.6
Hexes          | 1 |  1.6
Charms         | 1 |  1.6
Summonings     | 1 |  1.6
Necromancy     | 1 |  1.6
Translocations | 1 |  1.6
Transmutations | 1 |  1.6
Fire Magic     | 1 |  1.6
Ice Magic      | 1 |  1.6
Air Magic      | 1 |  1.6
Earth Magic    | 1 |  1.6
Poison Magic   | 1 |  1.6
Shields        | 3 |  3.3
Unarmed Combat | 3 |  3.3
Evocations     | 3 |  3.3

Action                   |  1- 3 |  4- 6 || total
-------------------------+-------+-------++-------
Melee: Falchion          |    68 |    51 ||   119
       Bite              |     7 |    11 ||    18
       Punch             |     3 |     1 ||     4
       Flail             |       |    11 ||    11
 Fire: Shortbow          |       |     3 ||     3
Throw: Stone             |       |     1 ||     1
Evoke: Wand              |     5 |    10 ||    15
  Use: Scroll            |     3 |     3 ||     6
       Potion            |       |     6 ||     6
 Stab: Sleeping          |     1 |       ||     1
       Paralysed         |       |     5 ||     5
       Confused          |       |     1 ||     1
Armor: Robe              |    10 |       ||    10
       Ring mail         |    16 |    19 ||    35
Dodge: Dodged            |    51 |    59 ||   110
       Rpst.: Falchion   |    17 |    15 ||    32

Table legend:
 A = Turns spent in this place as a percentage of turns spent in the entire game.
 B = Non-inter-level travel turns spent in this place as a percentage of non-inter-level travel turns spent in the entire game.
 C = Inter-level travel turns spent in this place as a percentage of turns spent in this place.
 D = Turns resting spent in this place as a percentage of non-inter-level travel turns spent in this place.
 E = Turns spent auto-exploring this place as a percentage of non-inter-level travel turns spent in this place.
 F = Non-inter-level travel turns spent in this place divided by the number of levels of this place that you've seen.
                   A       B       C       D       E      F
               +-------+-------+-------+-------+-------+----------------------
         Total | 100.0 | 100.0 |   0.0 |   0.0 |   0.0 | 218.5
       Dungeon | 100.0 | 100.0 |   0.0 |   0.0 |   0.0 | 218.5
               +-------+-------+-------+-------+-------+----------------------

Table legend:
 A = Kills in this place as a percentage of kills in entire the game.
 B = Kills by you in this place as a percentage of kills by you in the entire game.
 C = Kills by friends in this place as a percentage of kills by friends in the entire game.
 D = Other kills in this place as a percentage of other kills in the entire game.
 E = Experience gained in this place as a percentage of experience gained in the entire game.
 F = Experience gained in this place divided by the number of levels of this place that you have seen.
                   A       B       C       D       E      F
               +-------+-------+-------+-------+-------+----------------------
         Total | 100.0 | 100.0 |   N/A | 100.0 | 100.0 | 145.5
       Dungeon | 100.0 | 100.0 |   N/A | 100.0 | 100.0 | 145.5
               +-------+-------+-------+-------+-------+----------------------

Vault maps used:
D:1:      evilmike_arrival_run_for_it, roderic_serpentine_path
D:2:      evilmike_ruin_ashenzari
D:3:      chequers_ecumenical_altar_simple_redux
D:4:      uniq_blork_the_orc, uniq_ijyb
